Cogmind - Beta 14 @@@ ROGUE MODE // 2024.12.19 @ 18:31:09 Player: N.W.L Result: Destroyed by D-53 Grenadier with Mini Grenade Launcher Performance ------------- Evolutions (0) 0 Regions Visited (4) 800 Robots Destroyed (40) 200 Value Destroyed (872) 872 Prototype IDs (14) 280 Alien Tech Used (0) 0 Bonus (-105) -105 TOTAL SCORE: 2047 Bonus ------- Follower Combat Kills 46 Friendly Fire -151 Cogmind --------- Core Integrity 0/250 Matter 208/300 Energy 236/250 System Corruption 3% Temperature Cool (2) Movement Treading (240) Ox1 Location -9/Mines Parts ------- > --- POWER (1) -------- Ion Engine > --- PROPULSION (2) --- Light Treads Light Treads > --- UTILITY (2) ------ High-capacity Storage Unit Light Armor Plating > --- WEAPON (2) ------- (None) > --- INVENTORY (20) --- Nuclear Core Fission Core Light Treads Medium Storage Unit Humpback Makeshift Terrain Scan Processor Seismic Detector Seismic Detector Makeshift Cloaking Device Light Armor Plating Light Armor Plating Grenade Launcher Grenade Launcher Datajack Hammer Peak State ------------ > --- POWER ------------ Ion Engine > --- PROPULSION ------- Light Treads Light Treads > --- UTILITY ---------- Medium Storage Unit Hacking Suite > --- WEAPON ----------- Assault Rifle Hammer > --- INVENTORY -------- Ion Engine Light Ion Engine Seismic Detector Light Armor Plating Light Armor Plating Light Armor Plating Medium Laser Assault Rifle Grenade Launcher Datajack [Rating: 10] Favorites ----------- Power Ion Engine Engine Ion Engine Propulsion Light Treads Treads Light Treads Utility High-capacity Storage Unit Device Seismic Detector Storage High-capacity Storage Unit Hackware Hacking Suite Protection Light Armor Plating Weapon Assault Rifle Ballistic Gun Assault Rifle Ballistic Cannon Light Cannon Launcher Grenade Launcher Impact Weapon Hammer Special Melee Weapon Datajack Build | -11 -10 -10 -10 -9 ------- Run | Yrd Mat Min Exi Min Slots Evolved . | . . . . . Power . | . . . . . Propulsion . | . . . . . Utility . | . . . . . Weapon . | . . . . . Parts Attached 32 | 9 10 6 1 6 Power 3 | 2 1 . . . Engine 3 | 2 1 . . . Core . | . . . . . Reactor . | . . . . . Propulsion 5 | 2 1 . . 2 Treads 5 | 2 1 . . 2 Leg . | . . . . . Wheel . | . . . . . Hover . | . . . . . Flight . | . . . . . Utility 12 | 3 4 3 . 2 Device 3 | 2 . 1 . . Storage 3 | 1 2 . . . Processor . | . . . . . Hackware 1 | . 1 . . . Protection 5 | . 1 2 . 2 Artifact . | . . . . . Weapon 12 | 2 4 3 1 2 Energy Gun . | . . . . . Energy Cannon . | . . . . . Ballistic Gun 3 | 2 1 . . . Ballistic Cannon 5 | . 1 2 . 2 Launcher 1 | . . 1 . . Special Weapon . | . . . . . Impact Weapon 2 | . 2 . . . Slashing Weapon . | . . . . . Piercing Weapon . | . . . . . Special Melee Weapon 1 | . . . 1 . Unidentified Prototypes . | . . . . . Parts Lost 8 | . 1 2 . 5 Power . | . . . . . Propulsion 2 | . . . . 2 Utility 3 | . . 2 . 1 Weapon 3 | . 1 . . 2 Highest Loss Streak 5 | . 1 2 . 5 To Critical Strikes . | . . . . . Average Slot Usage (%) 98 | . 100 100 84 95 Engine 14 | . 14 14 14 14 Treads 28 | . 28 28 28 28 Device 6 | . 3 8 14 10 Storage 14 | . 14 14 14 14 Hackware 4 | . 8 . . . Protection 3 | . 1 5 . 4 Ballistic Gun 12 | . 24 . . . Ballistic Cannon 12 | . 2 27 1 24 Special Melee Weapon 1 | . . . 11 . Peak Build Rating 10 | 7 10 10 9 10 Average Rating 8 | 5 8 8 8 9 On Entrance 7 | . 7 10 9 9 Naked Turns . | . . . . . Heaviest Build 54 | 15 50 54 52 54 Greatest Support 40 | 40 40 40 40 40 Greatest Overweight (x) 1 | . 1 1 1 1 Average Overweight (x) . | . . 1 1 1 Largest Inventory Capacity 20 | 8 20 20 20 20 Average Capacity 16 | 7 12 20 20 20 Most Carried 20 | 2 14 17 20 19 Average Carried 12 | 1 9 14 19 18 Final Capacity 20 | 8 20 20 20 20 Final Carried 20 | 2 14 17 20 16 Class Distribution -------------------- 83% | Mutant 16% | Commander-Mutant Dominant Class ---------------- Mutant | -10/Materials Mutant | -10/Mines Commander-Mutant | -10/Exiles Mutant | -9/Mines Resources | -11 -10 -10 -10 -9 ----------- Run | Yrd Mat Min Exi Min Matter Collected 1210 | 391 513 306 . . Remotely 150 | 150 . . . . Salvage Created 1170 | 169 747 190 . 64 Parts 82 | 17 48 15 . 2 Haulers Intercepted 2 | . 2 . . . Recyclers Shooed 1 | . . 1 . . Parts Field Recycled . | . . . . . Retrieved Matter . | . . . . . Parts Self-Destructed . | . . . . . Prevented . | . . . . . Kills | -11 -10 -10 -10 -9 ------- Run | Yrd Mat Min Exi Min Combat Hostiles Destroyed 24 | . 14 8 . 2 Guns 13 | . 13 . . . Cannons 10 | . 1 7 . 2 AOE 1 | . . 1 . . Classes Destroyed 9 | 3 5 . . 1 Worker 4 | 2 2 . . . Tunneler 5 | 4 . 1 . . Hauler 2 | . 2 . . . Recycler 1 | 1 . . . . Operator 1 | . 1 . . . Watcher 2 | . 2 . . . Swarmer 6 | . 3 3 . . Grunt 17 | . 11 5 . 1 Brawler 1 | . . . . 1 Thug 1 | . . 1 . . Best Kill Streak 4 | 4 4 2 . 2 Combat Bots Only 3 | . 3 2 . 2 Max Kills in Single Turn 1 | 1 1 1 . 1 Gunslinging . | . . . . . Exploded 1 | . . 1 . . Melee . | . . . . . Uniques/NPCs Destroyed . | . . . . . Combat | -11 -10 -10 -10 -9 -------- Run | Yrd Mat Min Exi Min Hostile Shots Fired 108 | . 58 36 . 14 Missed 24 | . 17 5 . 2 Damage Taken 1534 | . 506 478 . 550 Core 280 | . 62 44 . 174 Absorbed by Shields . | . . . . . Regen/Repaired (Parts) 99 | . 99 . . . Core Remaining (%) 100 | 100 . . . . Volleys Fired 114 | 18 65 26 . 5 Largest 2 | 2 2 2 . 2 Hottest 70 | 40 55 70 . 70 Shots Fired 226 | 36 130 50 . 10 Gun 156 | 36 120 . . . Cannon 68 | . 10 48 . 10 Launcher 2 | . . 2 . . Special . | . . . . . Kinetic 224 | 36 130 48 . 10 Thermal . | . . . . . Explosive 2 | . . 2 . . Electromagnetic . | . . . . . Robot Hit Streak 19 | 10 12 10 . 19 Robot Miss Streak 4 | 1 4 3 . . Penetration Max . | . . . . . Secondary Targets . | . . . . . Shots Hit Robots 163 | 22 87 29 16 9 Core Hits 63 | 8 38 15 . 2 Critical Kills 2 | . 2 . . . Critical Parts Destroyed . | . . . . . Critical Strikes 4 | . 2 2 . . Destroy 2 | . 2 . . . Blast 2 | . . 2 . . Melee Attacks 21 | . 5 . 16 . Impact 5 | . 5 . . . Slashing . | . . . . . Piercing . | . . . . . Sneak Attacks 16 | . . . 16 . Combat Hostiles . | . . . . . Follow-up Attacks . | . . . . . Damage Inflicted 2316 | 292 1162 693 . 169 Guns 1358 | 292 1066 . . . Cannons 771 | . 92 510 . 169 Explosions 154 | . . 154 . . Melee . | . . . . . Ramming 33 | . 4 29 . . Kinetic 2129 | 292 1158 510 . 169 Thermal . | . . . . . Explosive 154 | . . 154 . . Electromagnetic . | . . . . . Impact . | . . . . . Slashing . | . . . . . Piercing . | . . . . . Highest Corruption 3 | . 3 3 3 3 Average Corruption 2 | . 2 3 3 3 Corruption Purged . | . . . . . Corruption Blocked . | . . . . . Effects 63 | . 30 26 6 1 Message Errors 18 | . 10 7 1 . Matter Fused 13 | . 6 6 1 . Heat Flow Errors 6 | . 2 2 2 . Energy Discharges 8 | . 2 3 2 1 Data Loss (minor) 9 | . 8 1 . . Data Loss (major) 3 | . 1 2 . . Misfires 2 | . 1 1 . . Alerts 3 | . . 3 . . Weapon Failures 1 | . . 1 . . Overload Shots . | . . . . . Overflow Damage 26 | . 1 25 . . Projectiles 1 | . 1 . . . Explosions 25 | . . 25 . . Melee . | . . . . . Knockbacks 12 | . 2 8 . 2 Impact . | . . . . . Kinetic 11 | . 1 8 . 2 Secondary 1 | . 1 . . . Self-Inflicted Damage 21 | . . 21 . . Shots 1 | . . 1 . . Rammed 11 | . 4 7 . . Targets Rammed 12 | . 4 8 . . Kicked . | . . . . . Crushed 1 | . . 1 . . Highest Temperature 266 | . 187 188 266 27 Average Temperature 71 | . 34 81 153 12 Received Heat Transfer 528 | . 288 240 . . Effects 1 | . . . 1 . Interference 1 | . . . 1 . Siege Activations . | . . . . . Robots Corrupted . | . . . . . Combat Hostiles . | . . . . . Parts Fried . | . . . . . Impact Corruptions . | . . . . . Robots Melted . | . . . . . Combat Hostiles . | . . . . . Parts Melted . | . . . . . Heat Transferred . | . . . . . Parts Sabotaged . | . . . . . Parts Stolen . | . . . . . Parts Stripped . | . . . . . Power Chain Reactions . | . . . . . Alert | -11 -10 -10 -10 -9 ------- Run | Yrd Mat Min Exi Min Peak Influence 235 | 35 199 235 . 49 Initial 22 | . 22 16 . . Average 59 | 13 74 44 . 36 Maximum Alert Level 1 | . . 1 . . Low Security (%) 99 | 100 100 98 . 100 Level 1 . | . . 1 . . Level 2 . | . . . . . Level 3 . | . . . . . Level 4 . | . . . . . Level 5 . | . . . . . High Security . | . . . . . Max Security . | . . . . . Squads Dispatched 1 | . 1 . . . Investigation 1 | . 1 . . . Extermination . | . . . . . Reinforcement . | . . . . . Assault . | . . . . . Garrison . | . . . . . Intercept . | . . . . . Searches Triggered . | . . . . . Construction Impeded . | . . . . . Haulers Reinforced . | . . . . . Active Scanning Responses . | . . . . . Cargo Convoy Interrupts . | . . . . . Stealth | -11 -10 -10 -10 -9 --------- Run | Yrd Mat Min Exi Min Distress Signals 1 | . 1 . . . Communications Jammed . | . . . . . Distress Signals . | . . . . . Times Spotted 38 | . 23 11 . 4 Peak Tracking Total 4 | . 4 3 . 2 Tactical Retreats 5 | . 4 1 . . Traps | -11 -10 -10 -10 -9 ------- Run | Yrd Mat Min Exi Min Traps Triggered 2 | . 2 . . . Indirectly . | . . . . . Trap Hack Attempts . | . . . . . Triggered . | . . . . . Disarmed . | . . . . . Reprogrammed . | . . . . . Reused . | . . . . . Traps Extracted . | . . . . . Installed . | . . . . . Triggered . | . . . . . Machines | -11 -10 -10 -10 -9 ---------- Run | Yrd Mat Min Exi Min Machines Disabled 1 | . 1 . . . Max in Single Turn 1 | . 1 . . . Machines Repaired . | . . . . . Machines Dismantled . | . . . . . Machines Sabotaged . | . . . . . Overloaded Fab Kills . | . . . . . Hacking | -11 -10 -10 -10 -9 --------- Run | Yrd Mat Min Exi Min Machines Accessed 11 | . 10 . 1 . Terminals 8 | . 8 . . . Fabricators . | . . . . . Repair Stations 1 | . 1 . . . Recycling Units 1 | . 1 . . . Scanalyzers . | . . . . . Garrison Access . | . . . . . Total Hacks 35 | . 34 . 1 . Successful 24 | . 23 . 1 . Failed 11 | . 11 . . . Catastrophic . | . . . . . Database Lockouts . | . . . . . Manual 28 | . 28 . . . Terminals 27 | . 27 . . . Fabricators . | . . . . . Repair Stations 4 | . 4 . . . Recycling Units 3 | . 3 . . . Scanalyzers . | . . . . . Garrison Access . | . . . . . Terminal Hacks 9 | . 8 . 1 . Record 1 | . . . 1 . Part Schematic 2 | . 2 . . . Robot Analysis 3 | . 3 . . . Prototype ID Bank 2 | . 2 . . . Terminal Index 1 | . 1 . . . Fabricator Hacks . | . . . . . Repair Station Hacks 4 | . 4 . . . Scan Component 2 | . 2 . . . Repair 2 | . 2 . . . Recycling Unit Hacks . | . . . . . Scanalyzer . | . . . . . Garrison Access Hacks . | . . . . . Unauthorized Hacks 11 | . 11 . . . Terminals 10 | . 10 . . . Assimilate 1 | . 1 . . . Botnet 3 | . 3 . . . Operators 1 | . 1 . . . Skim 5 | . 5 . . . Fabricators . | . . . . . Repair Stations . | . . . . . Recycling Units 1 | . 1 . . . Tunnel 1 | . 1 . . . Scanalyzers . | . . . . . Garrison Access . | . . . . . Data Cores Recovered 1 | . 1 . . . Used . | . . . . . Hacking Detections 10 | . 10 . . . Full Trace Events . | . . . . . Feedback Events . | . . . . . Feedback Blocked . | . . . . . Robot Schematics Acquired . | . . . . . Robots Built . | . . . . . Authchips . | . . . . . Time . | . . . . . Total Robot Build Rating . | . . . . . Part Schematics Acquired 2 | . 2 . . . Parts Built . | . . . . . Authchips . | . . . . . Time . | . . . . . Total Part Build Rating . | . . . . . Parts Repaired 2 | . 2 . . . Time 52 | . 52 . . . Parts Recycled . | . . . . . Recycled Matter . | . . . . . Retrieved Matter . | . . . . . Retrieved Components . | . . . . . Parts Scanalyzed . | . . . . . Part Schematics Acquired . | . . . . . Parts Damaged . | . . . . . Bothacking | -11 -10 -10 -10 -9 ------------ Run | Yrd Mat Min Exi Min Used RIF Installer . | . . . . . Robots Hacked 3 | . . . 3 . Non-combat 2 | . . . 2 . Combat 1 | . . . 1 . Robot Hacks Applied 16 | . . . 16 . parse_system 16 | . . . 16 . Relay Couplers Released . | . . . . . Fabnet Peak Effective % . | . . . . . Robots Rewired . | . . . . . Allies Hacked . | . . . . . Hacks Repelled . | . . . . . Allies | -11 -10 -10 -10 -9 -------- Run | Yrd Mat Min Exi Min Total Allies 6 | . 1 5 . . Largest Group 4 | . 1 4 4 3 Highest-Rated Group 60 | . 10 60 50 42 Highest-Rated Ally 31 | . 10 31 16 16 Total Orders 1 | . . 1 . . STAY 1 | . . 1 . . Ally Attacks 29 | . . 17 . 12 Total Damage 405 | . . 277 . 128 Kills 5 | . . 4 . 1 Allies Corrupted . | . . . . . Allies Melted . | . . . . . Intel | -11 -10 -10 -10 -9 ------- Run | Yrd Mat Min Exi Min Robot Analysis Total 3 | . 3 . . . Derelict Logs Recovered 2 | . . 2 . . Drone Launches . | . . . . . Drone Recoveries . | . . . . . Exploration | -11 -10 -10 -10 -9 ------------- Run | Yrd Mat Min Exi Min Turns Passed 4882 | 180 2325 1839 470 68 Spaces Moved 1882 | 73 903 713 184 9 Core 4 | 4 . . . . Treads 1878 | 69 903 713 184 9 Legs . | . . . . . Wheels . | . . . . . Hover . | . . . . . Flight . | . . . . . Fastest Speed 50 | 50 160 240 240 240 Average Speed 210 | 153 185 240 240 240 Slowest Speed 240 | 160 240 240 240 240 Overloaded Moves . | . . . . . Propulsion Burnouts . | . . . . . Robots Hopped . | . . . . . Cave-ins Triggered . | . . . . . Exploration Rate (%) 50 | 5 92 95 56 5 Regions Visited 4 Branch Regions 3 Pre-discovered Areas 5 | . 3 1 1 . Known Exits Taken . | . . . . . Unknown Exits Taken 4 | 1 1 1 1 . Scrap Searched 3 | . . 3 . . Spaces Dug 13 | . 4 9 . . Terrain Destroyed 22 | . 4 18 . . Melee 4 | . 4 . . . Projectile . | . . . . . AOE 18 | . . 18 . . Terrain Rammed . | . . . . . Walls Destroyed . | . . . . . Machines Disabled . | . . . . . Actions | -11 -10 -10 -10 -9 --------- Run | Yrd Mat Min Exi Min Total 2541 | 100 1409 779 207 46 Wait 449 | . 401 22 . 26 Move 1878 | 72 902 712 183 9 Hop . | . . . . . Pick Up 25 | 1 17 4 3 . Fast Attach 8 | 7 . 1 . . Attach 8 | . 1 2 1 4 Detach 3 | . . 1 2 . Swap 16 | 2 9 3 . 2 Drop 7 | . 5 . 2 . Fire 114 | 18 65 26 . 5 Melee 21 | . 5 . 16 . Ram . | . . . . . Kick . | . . . . . Crush 12 | . 4 8 . . Escape Stasis . | . . . . . Rewire . | . . . . . Trap . | . . . . . Miscellaneous . | . . . . . Route ------- -11/Scrapyard -10/Materials (discovered 4 exits: *Mat x2 / [*Min x2]) -10/Mines (discovered 4 exits: *Mat x2 / *Exi / *Sub) -10/Exiles -9/Mines History --------- Turn | Location | Event 7 | -11/Scrapyard | Discovered new exit (range 15) 181 | -11/Scrapyard | Entered Materials 316 | -10/Materials | Build established: Mutant 317 | -10/Materials | Discovered new exit (range 5) 1016 | -10/Materials | Discovered new exit (range 6) 1183 | -10/Materials | Discovered new exit (range 15) 1481 | -10/Materials | Loaded intel: 14 trap records 1532 | -10/Materials | Learned 2 Mines zone layouts 1604 | -10/Materials | Learned Materials emergency access door positions 1623 | -10/Materials | Learned location of Subcaves (-10) 1654 | -10/Materials | Learned location of Mines (-9) 1693 | -10/Materials | Learned Materials trap positions 1746 | -10/Materials | Repaired Lgt. Treads 1773 | -10/Materials | Repaired Lgt. Treads 2276 | -10/Materials | Discovered new exit (range 6) 2506 | -10/Materials | Entered Mines 2506 | -10/Mines | Accompanied by 1 ally 2507 | -10/Mines | Identified exit to Materials 2507 | -10/Mines | Identified exit to Subcaves 2725 | -10/Mines | Deemed a non-threat by the Exiles lab entrance 2725 | -10/Mines | Discovered new exit (range 5) 3396 | -10/Mines | Learned location of Storage (-8) 3567 | -10/Mines | Discovered exit to Materials (range 5) 3800 | -10/Mines | Learned Materials trap positions 4001 | -10/Mines | Assisted by bots powering up and referring to "LRC-V3" 4300 | -10/Mines | Build established: Commander-Mutant 4345 | -10/Mines | Entered Exiles 4345 | -10/Exiles | Accompanied by 4 allies 4417 | -10/Exiles | Met 8R-AWN 4471 | -10/Exiles | Met EX-HEX 4537 | -10/Exiles | Met EX-BIN 4657 | -10/Exiles | Met EX-DEC 4671 | -10/Exiles | Learned location of Zion (-6) 4791 | -10/Exiles | Discovered new exit (range 10) 4815 | -10/Exiles | Entered Mines 4815 | -9/Mines | Accompanied by 4 allies 4816 | -9/Mines | Assembled infested the area 4870 | -9/Mines | Core integrity fell below 50% 4878 | -9/Mines | Core integrity fell below 20% 4883 | -9/Mines | Destroyed by D-53 Grenadier with Mini Grenade Launcher Last Messages --------------- 04816_ B-36 Bruiser sneak attacks. 04816_ Mercenary 1a destroyed. 04818_ G-34 Mercenary knocked back. 04821_ G-34 Mercenary destroyed. 04824_ Trooper 1b suffers critical hit (Smash). 04824_ Trooper 1b system corrupted by crushing effect. 04824_ Trooper 1b destroyed. 04824_ B-36 Bruiser destroyed. 04831_ System corrupted: Energy discharge (-72). 04869_ Lgt. Treads destroyed. 04869_ Technician 1a destroyed. 04870_ Trooper 1a destroyed. 04876_ The unstable cave ceiling collapses. 04877_ U-05 Engineer lays Concrete. 04877_ Lgt. Armor Plating destroyed. 04877_ Lgt. Cannon destroyed. 04878_ U-05 Engineer lays Concrete. 04879_ Lgt. Cannon destroyed. 04880_ U-05 Engineer builds a Wall. 04881_ Lgt. Treads destroyed. Map ----- +----------------------------------------------------+ | ?????????????????????????????????????????????? | | ?????????????????????????????????????????????? | | ?????????????????????????????????????????????? | | ?????????????????????????????????????????????? | | ?????????????????????????????????????????????? | | ?????????????????????????????????????????????? | | ?????????????????????????????????????????????? | | ?????????????????????????????????????????????? | | ?????????????????????????????????????????????? | | ?????????????????????????????????????????????? | | ???????????????????????? ???????????????????? | | ???????????????????????? ???????????????????? | | ???????????????????????? ???????????????????? | | ?????????????????????? # ???????????????????? | | ??????????????????????## ???????????????????? | | ?????????????????????? u ???????????????????? | | ?????????????????????? ???????????????????? | | ??????????????????????? #??????????????????? | | ??????????????????????? ??????????????????? | | ???????????????????????#% #??????????????????? | | ???????????????????????# #??????????????????? | | ???????????????????????# ###????????????????? | | ???????????????????#?### ##???????????????? | | ???????????????????# # ##??????????????? | | ???????????????????# dd ##?????????????? | | ??????????????###### @ ##????????????? | | ?????????? ##???????????? | | ?????????????######## #???????????? | | ????????????????????# # #???????????? | | ????????????????????## #???????????? | | ?????????????????????# #???????????? | | ?????????????????????# #???????????? | | ?????????????????????# ##???????????? | | | | | | | | | | | | | | | | | | | | | | | | | | | | | | | | | | | +----------------------------------------------------+ Best States ------------- Heat Dissipation 25 Energy Generation 10 Energy Capacity 250 Matter Stores 300 Matter Capacity 300 Sight Range 16 Terrain Scan Density 10 Armor Coverage 150 Evasion (%) 40 Recoil Reduction 2 Offensive Hacking 10 Item Schematics ----------------- Huge Storage Unit | -10/Materials | Hacked Hcp. Storage Unit | -10/Materials | Hacked Robot Schematics ------------------ None Fabricated ------------ Nothing Alien Tech Used ----------------- None Achievements -------------- None Challenges ------------ None Game ------ Seed ExoskeletonMakeshiftDiverter Manual? 0 Play Time 00:25:28 Cumulative 422.8 hours Start 2024.12.19 @ 18:02:16 End 2024.12.19 @ 18:31:09 Sessions 1 Manual Loads 0 Difficulty Rogue Special Mode None Game No. 196 Rogue 196 Adventurer 0 Explorer 0 Win Type - Total 15 Types 9/1/5/0/0/0/0/0/0 Lore% 87 Gallery% 90 Achievement% 76 Wizard Run 0 Options --------- Layout 0 ASCII 0 Keyboard 1 Movement Numpad Keybinds 0 Fullscreen 2 Font 12/Smallcaps Map View 83x54 Zoom Use 0% Tactical HUD 1 Map Filters NONE Filters NONE Steam 1 RUN: 92500476-8407-4140-bcf7-8ffce2e502aa